 Dungeon Crawl Stone Soup version 0.18.1-5-g4a78601 (console) character file.

46 MenacingMecha the Grasshopper (level 3, -2/16 HPs)
             Began as a Felid Warper on May 12, 2016.
             Killed by nerve-wracking pain
             ... invoked by Jessica
              (10 damage)
             ... on level 2 of the Dungeon.
             The game lasted 00:06:32 (1619 turns).

MenacingMecha the Grasshopper (Felid Warper)        Turns: 1619, Time: 00:06:32

Health: -2/16      AC:  1    Str: 13    XL:     3   Next: 46%
Magic:  7/7        EV: 18    Int: 14    God:
Gold:   103        SH:  0    Dex: 16    Spells: 3 memorised, 1 level left
                                        Lives:  0   Deaths: 0

rFire  . . .     SeeInvis +       - Unarmed
rCold  . . .     Gourm    .     (armour unavailable)
rNeg   . . .     Faith    .     (shield unavailable)
rPois  .         Spirit   .     (helmet unavailable)
rElec  .         Dismiss  .     (cloak unavailable)
rCorr  .         Reflect  .     (gloves unavailable)
SustAt .         Harm     .     (boots unavailable)
MR     .....                    (no amulet)
Stlth  ++........               (no ring)
                                h - +6 ring of strength

@: quick, not resistant to hostile enchantments, unstealthy
A: no armour, no weapons or thrown items, claws 1, fangs 3, see invisible,
carnivore 3, speed 1, shaggy fur 1, slow metabolism 1, sharp paws
a: no special abilities


You were on level 2 of the Dungeon.
You were completely stuffed.

You visited 1 branch of the dungeon, and saw 2 of its levels.

You collected 103 gold pieces.

Inventory:

Jewellery
 h - a +6 ring of strength (left paw)
Scrolls
 b - a scroll of blinking
 d - 2 scrolls of immolation {unknown}
 e - 3 scrolls of identify {unknown}
 g - 2 scrolls of random uselessness {unknown}
 k - a scroll of fog {unknown}
 o - a scroll of recharging {unknown}
Potions
 l - a potion of flight {unknown}
 m - a potion of lignification {unknown}
 n - 2 potions of mutation {unknown}
 p - a potion of invisibility {unknown}
Books
 a - a book of Spatial Translocations

   Spells                             Type                      Level
   a - Apportation                    Translocation                1
   b - Blink                          Translocation                2
   c - Shroud of Golubria             Charms/Translocation         2
   d - Portal Projectile              Translocation                3
   e - Teleport Other                 Translocation                3
   f - Passage of Golubria            Translocation                4
Comestibles
 c - 2 meat rations
 i - a beef jerky
 j - a slice of pizza


   Skills:
 - Level 2.0 Fighting
 - Level 3.2 Dodging
 - Level 3.0 Unarmed Combat
 - Level 2.0 Spellcasting
 - Level 2.0 Charms
 + Level 5.0 Translocations


You had one spell level left.
You knew the following spells:

 Your Spells              Type           Power        Failure   Level  Hunger
a - Apportation           Tloc           ###.......   2%          1    ##.....
b - Blink                 Tloc           N/A          4%          2    ###....
c - Shroud of Golubria    Chrm/Tloc      ##........   10%         2    ###....


Dungeon Overview and Level Annotations

Branches:
Dungeon (2/15)

Altars:

Annotations:
D:2 Jessica, Sigmund


Innate Abilities, Weirdness & Mutations

You cannot wear armour.
You are incapable of wielding weapons or throwing items.
You have sharp claws.
You have razor-sharp teeth.
You have supernaturally acute eyesight.
You are carnivorous and can eat meat at any time.
You cover ground quickly.
You are covered in fur (AC +1).
You have a slow metabolism.
Your sharp claws are effective at attacking unaware monsters.


Message History

You claw Sigmund! Your bite misses Sigmund.
Sigmund is heavily wounded.
Sigmund screams, "I am the angel of ZOT!!!"
Sigmund casts a spell at you. The magic dart hits you!
Ouch! That really hurt!
Jessica misses you. Sigmund misses you.
Jessica gestures wildly while chanting.
Jessica seems to speed up.
Sigmund says, "Now you see me, now you don't..."
Sigmund says, "Your kind have come here before.
I understand now why.
You desire death..."
Jessica gestures wildly.
Jessica mumbles some strange words.
Jessica blinks!
Found 18 gold pieces.
Jessica hits you but does no damage.
Jessica points at you and mumbles some strange words.
Pain shoots through your body!
Ouch! That really hurt!
You die...

## ### .. ..#
.###.# ..#.# #
#.#.######.##
.$#####.#.#........
.....g..@..........
..........@........
.#####.#.#.#.####
#.#.#.# #.#
#ยง#.#.# ####..#
#.#.#.# #.....#
#.#.#.#
......######
#@#.#.# #.###......
#.#.#.# #%##.....#
#...#.# #.##.....+


You could see Jessica and a hobgoblin.

Vanquished Creatures
  An ooze (D:2)
  A worm (D:2)
  A giant gecko (D:1)
  A ball python (D:1)
  3 giant cockroaches (D:1)
  6 goblins (D:1)
  5 hobgoblins
  3 jackals (D:2)
  2 kobolds (D:1)
  A quokka (D:2)
  4 bats (D:1)
  5 giant newts (D:1)
  2 rats (D:1)
35 creatures vanquished.

Notes
Turn   | Place    | Note
--------------------------------------------------------------
     0 | D:1      | MenacingMecha the Felid Warper began the quest for the Orb.
     0 | D:1      | Reached XP level 1. HP: 9/9 MP: 4/4
   248 | D:1      | Reached XP level 2. HP: 11/13 MP: 6/6
   263 | D:1      | Learned a level 2 spell: Blink
   267 | D:1      | Learned a level 2 spell: Shroud of Golubria
   575 | D:1      | Reached skill level 1 in Charms
  1084 | D:1      | Reached XP level 3. HP: 16/16 MP: 7/7
  1461 | D:2      | Reached skill level 5 in Translocations
  1598 | D:2      | Noticed Sigmund
  1599 | D:2      | Noticed Jessica
  1619 | D:2      | Killed from afar by Jessica

Skill      XL: |  1  2  3 |
---------------+----------+-----
Unarmed Combat | 3 |  3.0
Charms         | 1 2 |  2.0
Translocations | 5 |  5.0
Fighting       | |  2.0
Dodging        | |  3.2
Spellcasting   | |  2.0

Action                   || total
-------------------------++-------
Melee: Unarmed           ||    94
       Bite              ||     4
 Stab: Sleeping          ||     2
  Eat: Chunk             ||     9
Armor: Skin              ||     7
Dodge: Dodged            ||    78
